 Dungeon Crawl Stone Soup version 0.29.0-11-gd7f09526c8 (webtiles) character file.

Game seed: 3529960035427154459

2405 xian the Chopper (level 9, -12/102 HPs)
             Began as a Demonspawn Chaos Knight on Sept 3, 2022.
             Was a Plaything of Xom.
             Mangled by a two-headed ogre
             ... wielding a +0 giant club
              (17 damage)
             ... on level 7 of the Dungeon.
             The game lasted 00:26:38 (5842 turns).

xian the Chopper (Demonspawn Chaos Knight)          Turns: 5842, Time: 00:26:38

Health: -12/102    AC: 18    Str: 15    XL:     9   Next: 23%
Magic:  15/15      EV: 12    Int: 15    God:    Xom [....*.]
Gold:   1276       SH:  0    Dex: 21    Spells: 17/17 levels left

rFire   + . .      SeeInvis .   a - +0 hand axe (chaos)
rCold   . . .      Faith    .   J - orb {*Rage}
rNeg    . . .      Spirit   .   L - +8 chain mail of the Great Game {Int+4}
rPois   .          Reflect  .   (no helmet)
rElec   .          Harm     .   (no cloak)
rCorr   .          Rampage  .   (no gloves)
Will    .....      Rage     20% H - +0 pair of boots
Stlth   ..........              (no amulet)
HPRegen 1.07/turn               z - +4 ring of evasion
MPRegen 0.14/turn               k - ring of protection from fire

@: berserking, very quick
A: demonic guardian 2, demonic magic 1, agile 2, regeneration 1
a: Renounce Religion


You were on level 7 of the Dungeon.
You worshipped Xom.
You were a beloved toy of Xom.
You visited 2 branches of the dungeon, and saw 8 of its levels.

You collected 1485 gold pieces.
You spent 209 gold pieces at shops.

Inventory:

Hand Weapons
 a - a +0 hand axe of chaos (weapon)
 d - a +0 vorpal hand axe
Missiles
 p - 3 boomerangs of dispersal
 D - 3 javelins (quivered)
 G - 24 poisoned darts
Armour
 m - a +0 plate armour
 H - a +0 pair of boots (worn)
 J - an orb of wrath (worn)
 L - the +8 chain mail of the Great Game (worn) {Int+4}
   (You bought it in a shop on level 7 of the Dungeon)

   Int:       It affects your intelligence (+4).
Magical Staves
 o - a staff of cold
Jewellery
 k - a ring of protection from fire (right hand)
 x - an amulet of faith
 z - a +4 ring of evasion (left hand)
 K - a ring of resist corrosion
Wands
 f - a wand of flame (3)
Scrolls
 b - a scroll of vulnerability {unknown}
 e - 3 scrolls of poison {unknown}
 h - 2 scrolls of enchant armour {unknown}
 i - a scroll of torment {unknown}
 l - a scroll of noise {unknown}
 n - a scroll of magic mapping {unknown}
 q - a scroll of silence {unknown}
 r - a scroll of blinking {unknown}
 v - a scroll of enchant weapon {unknown}
 w - 2 scrolls of immolation {unknown}
 y - a scroll of fog {unknown}
 F - 2 scrolls of fear {unknown}
 I - a scroll of teleportation
Potions
 g - a potion of curing
 j - a potion of attraction
 s - a potion of haste
 t - 4 potions of heal wounds
 u - a potion of invisibility
 A - 3 potions of flight
 B - a potion of mutation {unknown}
 C - 3 potions of lignification {unknown}
 E - 2 potions of resistance {unknown}
Miscellaneous
 c - a piece from Xom's chessboard (15/15)


   Skills:
 + Level 5.6 Fighting
 + Level 7.0 Axes
 + Level 0.2 Throwing
 + Level 3.9 Armour
 + Level 3.9 Dodging
 + Level 3.3 Stealth
 + Level 1.8 Shields
 * Level 4.5 Spellcasting


You had 17 spell levels left.
You didn't know any spells.
Your spell library contained the following spells:

 Spells                   Type           Power      Damage    Failure   Level
 Apportation              Tloc           6%         N/A       97%         1
 Necrotise                Necr           12%        1d4       97%         1
 Sting                    Tmut/Pois      12%        1d3       97%         1
 Summon Small Mammal      Summ           12%        N/A       97%         1
 Poisonous Vapours        Pois/Air       6%         N/A       99%         2
 Scorch                   Fire           6%         2d5       99%         2
 Call Canine Familiar     Summ           3%         N/A       100%        3
 Portal Projectile        Hex/Tloc       6%         N/A       100%        3
 Flame Wave               Conj/Fire      3%         2d5       100%        4
 Leda's Liquefaction      Hex/Erth       1%         N/A       100%        4
 Olgreb's Toxic Radiance  Pois           3%         N/A       100%        4
 Summon Cactus Giant      Summ           1%         N/A       100%        6


Dungeon Overview and Level Annotations

Branches:
Dungeon (7/15)             Temple (1/1) D:4

Altars:
Ashenzari
Cheibriados
Dithmenos
Hepliaklqana
Kikubaaqudgha
Nemelex Xobeh
Okawaru
Sif Muna
Trog
Vehumet
Yredelemnul

Shops:
D:7 [


Innate Abilities, Weirdness & Mutations

A demonic guardian rushes to your aid.
Spells you cast may paralyse adjacent enemies.
You are very agile. (Dex +8, Str/Int -2)
Your natural rate of healing is unusually fast.


Message History

You see here 17 gold pieces.
You are now a beloved toy of Xom.
You see here 17 gold pieces.
You now have 1276 gold pieces (gained 17).
You feel yourself speed up.
You recover from your berserk rage.
A two-headed ogre comes into view. It is wielding two +0 giant clubs.
The two-headed ogre shouts in stereo!
The two-headed ogre hits you with a +0 giant club! x2
You hit the two-headed ogre but do no damage.
A red film seems to cover your vision as you go berserk!
You feel yourself moving faster!
You feel mighty!
You barely miss the two-headed ogre.
The two-headed ogre hits you with a +0 giant club!!
A demonic guardian appears!
The two-headed ogre closely misses you.
You slash the two-headed ogre!
The two-headed ogre is lightly wounded.
The two-headed ogre barely misses you.
The two-headed ogre hits you with a +0 giant club!!
* * * LOW HITPOINT WARNING * * *
You hit the two-headed ogre.
The two-headed ogre is poisoned.
The two-headed ogre is moderately wounded.
Your rust devil hits the two-headed ogre!
Your rust devil corrodes the two-headed ogre!
You hit the two-headed ogre. You freeze the two-headed ogre.
The two-headed ogre is severely wounded.
You barely miss the two-headed ogre.
The two-headed ogre is severely wounded.
Your rust devil hits the two-headed ogre.
The two-headed ogre seems to be corroded for longer.
The two-headed ogre closely misses you.
The two-headed ogre hits you with a +0 giant club!
* * * LOW HITPOINT WARNING * * *
You slash the two-headed ogre!
The two-headed ogre flickers and vanishes!
You closely miss something. Something hits you!
* * * LOW HITPOINT WARNING * * *
Something hits you!
You die...
Xom guffaws!

....#..#####.##.######.)..$...##.
#...#..####..##.###.##........##.
#...##.#.#..##....|..<...####.##.
...##........#.......##.#####....
##.......#...........#...#.......
####....##.........##........#..
#.......##.....>.##.........##.
#.......##.....4...........###.
#.#....#####..@{...##......##..
#.......#.....#.....#..........
##.###.....####.##.......#.#...
##..>......##....#.......###...
##....#...................##....
#.....#........##.........###...
##......####....#................
#.........#.....#.....)..........
##..##.................)......##.


You could see a friendly rust devil (summoned).

Vanquished Creatures
  A water moccasin (D:7)
  3 ice beasts
  A sky beast (D:6)
  A lemure (D:4)
  A phantom (D:5)
  3 kobold brigands
  A scorpion (D:7)
  A howler monkey (D:6)
  3 hounds
  3 orc priests
  A gnoll bouda (D:7)
  3 iguanas
  5 orc wizards
  A mummy (D:6)
  2 adders
  3 gnolls
  2 shadow imps
  4 white imps
  3 ufetubi (D:7)
  3 worms
  3 dart slugs
  13 orcs
  9 endoplasms
  4 giant cockroaches
  2 goblins
  4 hobgoblins
  2 jackals (D:1)
  17 kobolds
  3 quokkas
  7 ball pythons
  5 bats
  2 frilled lizards (D:1)
  4 rats
120 creatures vanquished.

Vanquished Creatures (collateral kills)
  Pikel (D:4)
  A black bear (D:7)
  An ogre (D:5)
  3 lemures (D:4)
  A phantom (D:5)
  A scorpion (D:4)
  A gnoll bouda (D:7)
  An iguana (D:5)
  5 gnolls
  A shadow imp (D:7)
  An ufetubus (D:6)
  A dart slug (D:4)
  2 orcs
  A rat (D:1)
21 creatures vanquished.

Vanquished Creatures (others)
  A demonic plant (D:7)
1 creature vanquished.

Grand Total: 142 creatures vanquished

Notes
Turn   | Place    | Note
-------+----------+-------------------------------------------
     0 | D:1      | xian the Demonspawn Chaos Knight began the quest for the
                  | Orb.
     0 | D:1      | Reached XP level 1. HP: 18/18 MP: 1/1
    26 | D:1      | Reached skill level 1 in Dodging
    30 | D:1      | Reached skill level 3 in Axes
    32 | D:1      | Gained mutation: A weak demonic guardian rushes to your
                  | aid. [demonic ancestry]
    32 | D:1      | Reached XP level 2. HP: 20/24 MP: 2/2
   152 | D:1      | XOM: divination: detect creatures
   318 | D:1      | XOM: silly message
   320 | D:1      | XOM: god gift: 18 gold pieces
   348 | D:1      | XOM: summons 4 hostile shadow creatures
   689 | D:2      | Gained mutation: Spells you cast may paralyse adjacent
                  | enemies. [demonic ancestry]
   689 | D:2      | Reached XP level 3. HP: 29/29 MP: 3/3
   830 | D:2      | Found a basalt altar of Yredelemnul.
   954 | D:2      | XOM: butterfly on damage
   965 | D:2      | Found a faded altar of an unknown god.
  1482 | D:3      | XOM: cloud trail
  1562 | D:3      | XOM: god gift: staff of cold
  1642 | D:3      | XOM: god gift: 3 boomerangs of dispersal
  1953 | D:3      | XOM: give mutations
  1953 | D:3      | Gained mutation: Your natural rate of healing is unusually
                  | fast. [Xom's grace]
  1953 | D:3      | Gained mutation: You are agile. (Dex +4, Str/Int -1) [Xom's
                  | grace]
  1953 | D:3      | Gained mutation: You have supernaturally acute eyesight.
                  | (SInv) [Xom's grace]
  1992 | D:3      | XOM: god gift: 45 gold pieces
  1994 | D:3      | XOM: cast spell 'Leda's Liquefaction'
  2006 | D:3      | Gained mutation: A demonic guardian rushes to your aid.
                  | [demonic ancestry]
  2006 | D:3      | Reached XP level 4. HP: 35/35 MP: 3/5
  2090 | D:3      | Found a sparkling altar of Nemelex Xobeh.
  2143 | D:3      | XOM: butterfly on damage
  2352 | D:3      | Reached skill level 4 in Axes
  2352 | D:3      | Reached skill level 1 in Spellcasting
  2360 | D:3      | Reached XP level 5. HP: 36/41 MP: 6/6
  2466 | D:4      | Noticed a lemure
  2466 | D:4      | Noticed a lemure
  2466 | D:4      | Noticed a lemure
  2470 | D:4      | Noticed a lemure
  2478 | D:4      | XOM: summons 5 friendly demons
  2479 | D:4      | Killed a lemure
  2488 | D:4      | Killed a lemure
  2496 | D:4      | Killed a lemure
  2498 | D:4      | Killed a lemure
  2852 | D:4      | Found a basalt altar of Yredelemnul.
  2852 | D:4      | Found a radiant altar of Vehumet.
  2965 | D:4      | Reached XP level 6. HP: 25/47 MP: 6/8
  3004 | D:4      | Noticed Pikel
  3158 | D:4      | Found a staircase to the Ecumenical Temple.
  3212 | Temple   | Entered the Ecumenical Temple
  3226 | D:4      | XOM: give mutations
  3226 | D:4      | Gained mutation: You are very agile. (Dex +8, Str/Int -2)
                  | [Xom's mischief]
  3226 | D:4      | Lost mutation: You have supernaturally acute eyesight.
                  | (SInv) [Xom's mischief]
  3226 | D:4      | Gained mutation: You occasionally lose the ability to read
                  | scrolls when taking damage. [Xom's mischief]
  3226 | D:4      | Lost mutation: You occasionally lose the ability to read
                  | scrolls when taking damage. [Xom's mischief]
  3268 | Temple   | XOM: 5-stop teleportation journey
  3436 | D:4      | XOM: draining
  3456 | D:4      | XOM: summons 1 hostile demon
  3610 | D:4      | XOM: noise
  3700 | D:4      | XOM: cast spell 'Chain of Chaos'
  3710 | D:4      | XOM: enchant monster (good)
  3715 | D:4      | Killed Pikel
  3716 | D:4      | Reached skill level 5 in Axes
  3716 | D:4      | Reached XP level 7. HP: 27/54 MP: 8/10
  3734 | D:5      | Entered Level 5 of the Dungeon
  3820 | D:5      | XOM: summons 4 hostile demons
  3987 | D:5      | XOM: butterfly on damage
  3987 | D:5      | XOM: smoke on damage
  4039 | D:5      | XOM: scenery: summon butterflies
  4041 | D:5      | Found a shadowy altar of Dithmenos.
  4078 | D:5      | Reached XP level 8. HP: 61/61 MP: 12/12
  4100 | D:5      | XOM: cast spell 'Summon Hydra'
  4105 | D:5      | Reached skill level 1 in Shields
  4129 | D:5      | XOM: god gift: plate armour {god gift}
  4132 | D:5      | XOM: god gift: ivory wand {god gift}
  4137 | D:5      | Identified a scroll of acquirement
  4137 | D:5      | Acquired 1006 gold pieces
  4368 | D:5      | XOM: enchant monster (good)
  4377 | D:5      | XOM: cleaving
  4523 | D:6      | XOM: 4-stop teleportation journey
  4552 | D:6      | Reached skill level 6 in Axes
  4629 | D:6      | XOM: cast spell 'Cause Fear'
  4638 | D:6      | XOM: blink monster(s)
  4753 | D:6      | Found a bloodstained altar of Trog.
  4841 | D:6      | Identified the +0 robe of Negation {Int+2 Dex+2}
  4849 | D:6      | Found a shimmering blue altar of Sif Muna.
  5144 | D:6      | Found a snail-covered altar of Cheibriados.
  5379 | D:7      | Found Ychexziss's Antique Armour Shop.
  5396 | D:7      | Reached skill level 5 in Fighting
  5398 | D:7      | XOM: silly message
  5421 | D:7      | Reached XP level 9. HP: 14/68 MP: 15/15
  5453 | D:7      | Bought an ichor-stained chain mail for 209 gold pieces
  5453 | D:7      | Identified the +8 chain mail of the Great Game {Int+4} (You
                  | bought it in a shop on level 7 of the Dungeon)
  5501 | D:7      | XOM: cast spell 'Summon Small Mammal'
  5508 | D:7      | XOM: 2-stop teleportation journey
  5706 | D:7      | Reached skill level 7 in Axes
  5832 | D:7      | Noticed a two-headed ogre
  5842 | D:7      | HP: 5/102 [something (14)]
  5842 | D:7      | Mangled by a two-headed ogre

Illustrated notes

Levels and vault maps discovered:
D:1:      wander_arrival_peaceful_grave, layout_rooms, glass_columns_b
D:2:      layout_loops_cross, basic_ecumenical_altar, basic_altar
D:3:      layout_loops_ring, nicolae_tso_carved_into_rock,
          nemelex_diamond_rough_becter, minmay_bisected
D:4:      layout_basic, amethyst_overflow_temple_binary,
          minmay_temple_entry_ruins, uniq_pikel
D:5:      layout_layer_cave, mainiacjoe_overflow_alcove_2,
          nicolae_dithmenos_through_a_glass_darkly
D:6:      layout_loops_ring, slow_altar_2, trog_book,
          mainiacjoe_overflow_catwalk
D:7:      layout_cave_pools, serial_shops, nicolae_shop_hallway_plus,
          serial_demonic, serial_demonic_f, serial_demonic_e, serial_demonic_c,
          serial_demonic_e, minmay_between
Temple:   hellmonk_temple_beads

Skill      XL: |  1  2  3  4  5  6  7  8  9 |
---------------+----------------------------+-----
Dodging        | 1 2 3 |  3.9
Axes           | 3 4 5 6 7 |  7.0
Armour         | 2 3 |  3.9
Spellcasting   | 1 2 3 4 |  4.5
Fighting       | 4 5 |  5.6
Stealth        | 2 3 |  3.3
Shields        | 1 |  1.8
Throwing       | |  0.2

Action                   |  1- 3 |  4- 6 |  7- 9 || total
-------------------------+-------+-------+-------++-------
Melee: Hand axe          |   120 |   114 |   341 ||   575
       Punch             |     1 |       |       ||     1
Throw: Javelin           |       |       |     6 ||     6
Evoke: Piece from Xom's  |     1 |     1 |       ||     2
  Use: Potion            |       |     3 |     1 ||     4
       Scroll            |       |     1 |     5 ||     6
 Stab: Paralysed         |       |     4 |       ||     4
       Petrifying        |       |     1 |       ||     1
       Petrified         |       |     1 |     4 ||     5
       Sleeping          |       |       |     2 ||     2
       Confused          |       |       |     1 ||     1
Armor: Leather armour    |    58 |    26 |    71 ||   155
       Chain mail        |       |       |    43 ||    43
Dodge: Dodged            |    57 |    58 |   267 ||   382
Block: Buckler           |       |     5 |    47 ||    52
